 Dungeon Crawl Stone Soup version 0.31.0-32-g396128a36d (webtiles) character file.

Game seed: 13580271474033219698

90 Verono the Chopper (level 4, -1/41 HPs)
             Began as a Gnoll Chaos Knight on Mar 10, 2024.
             Was a Plaything of Xom.
             Splashed by a jelly's acid (10 damage)
             ... on level 2 of the Dungeon.
             The game lasted 00:03:52 (1188 turns).

Verono the Chopper (Gnoll Chaos Knight)             Turns: 1188, Time: 00:03:52

Health: -1/41      AC: -10   Str: 10 (12) XL:     4   Next: 56%
Magic:  14/14      EV: 12    Int: 10 (13) God:    Xom [..*...]
Gold:   52         SH:  0    Dex: 10 (11) Spells: 4/5 levels left

rFire   . . .        a - +1 hand axe (chaos)
rCold   . . .        (no shield)
rNeg    . . .        b - +2 leather armour
rPois   .            (no helmet)
rElec   .            (no cloak)
rCorr   .            (no gloves)
SInv    .            (no boots)
Will    .....        (no amulet)
Stlth   +            d - ring of magical power
HPRegen 0.26/turn    (no ring)
MPRegen 0.14/turn

%: no passive effects
@: corroded
A: fangs 1, strong nose, distributed training
a: Renounce Religion


You were on level 2 of the Dungeon.
You worshipped Xom.
You were a toy of Xom.
You visited 1 branch of the dungeon, and saw 2 of its levels.

You collected 52 gold pieces.

Inventory:

Hand Weapons
 a - a +1 hand axe of chaos (weapon)
Missiles
 i - 6 curare-tipped darts (quivered)
Armour
 b - a +2 leather armour (worn)
Jewellery
 d - a ring of magical power (left hand)
Scrolls
 c - a scroll of butterflies
Potions
 f - a potion of degeneration
 g - a potion of ambrosia {unknown}
 h - a potion of lignification {unknown}
 j - a potion of attraction {unknown}


   Skills:
 + Level 6.6 Fighting
 + Level 1.2 Short Blades
 + Level 1.2 Long Blades
 + Level 6.6 Axes
 + Level 1.2 Maces & Flails
 + Level 1.2 Polearms
 + Level 1.2 Staves
 + Level 1.2 Ranged Weapons
 + Level 1.2 Throwing
 + Level 4.7 Armour
 + Level 2.8 Dodging
 + Level 1.2 Stealth
 + Level 1.2 Shields
 + Level 1.2 Unarmed Combat
 + Level 1.2 Spellcasting
 + Level 1.0 Conjurations
 + Level 1.0 Hexes
 + Level 1.0 Summonings
 + Level 1.0 Necromancy
 + Level 1.0 Translocations
 + Level 1.0 Fire Magic
 + Level 1.0 Ice Magic
 + Level 1.0 Air Magic
 + Level 1.0 Earth Magic
 + Level 1.0 Alchemy
 + Level 1.3 Invocations
 + Level 1.2 Evocations
 + Level 1.1 Shapeshifting


You had 4 spell levels left.
You knew the following spells:

 Your Spells              Type           Power      Damage    Failure   Level
a - Necrotise             Necr           8%         1d4       28%         1

Your spell library contained the following spells:

 Spells                   Type           Power      Damage    Failure   Level
 Vampiric Draining        Necr           2%         2d6       65%         3
 Martyr's Knell           Necr/Summ      2%         N/A       96%         4
 Curse of Agony           Necr           2%         N/A       100%        5


Dungeon Overview and Level Annotations

Branches:
Dungeon (2/15)

Altars:


Innate Abilities, Weirdness & Mutations

You have very sharp teeth.
Your uncanny sense of smell can sniff out nearby items.
Your experience applies equally to all skills.


Message History

The jelly barely misses you.
It was a potion of heal wounds.
You feel much better.
Xom thinks this is hilarious!
The endoplasm barely misses you. The jelly barely misses you.
You hit the endoplasm but do no damage.
The endoplasm is heavily wounded.
You completely miss the jelly. The endoplasm barely misses you.
The jelly misses you.
You hit the endoplasm but do no damage.
You bite the endoplasm, but do no damage.
The endoplasm is heavily wounded.
You hit the jelly. You freeze the jelly. The acid corrodes you!
Your hands burn!
The endoplasm closely misses you. The jelly hits you. The acid corrodes you!
You are splashed with acid!
You hit the endoplasm but do no damage.
The endoplasm is heavily wounded.
You hit the jelly but do no damage.
The jelly seems to speed up.
The acid corrodes you!
Your hands burn!
The jelly barely misses you. The endoplasm barely misses you.
The jelly barely misses you.
You hit the endoplasm but do no damage.
The endoplasm is heavily wounded.
You hit the jelly but do no damage.
The jelly suddenly stops moving!
Your hands burn!
The endoplasm barely misses you.
You hit the endoplasm but do no damage.
The endoplasm is heavily wounded.
The helpless jelly fails to defend itself.
You hit the jelly but do no damage.
Your hands burn!
The jelly is no longer paralysed.
The jelly barely misses you. The endoplasm hits you.
You completely miss the endoplasm.
The endoplasm is heavily wounded.
You hit the jelly but do no damage.
Your hands burn!
* * * LOW HITPOINT WARNING * * *
The jelly closely misses you. The endoplasm hits you.
* * * LOW HITPOINT WARNING * * *
The jelly hits you.
* * * LOW HITPOINT WARNING * * *
You are splashed with acid!
You die...
Xom roars with laughter!

..#...♣..P#.####. #..#.....
#.P...~♣....♣###.##........
.P..♣~♣~♣.....##..#.....##.
..P♣♣~~~~..P#...#.....#.###
..~~~~~~♣...###.....#......
P..~~♣~†.PP>.... #..#......
....~~†......## #..).....
....♣........# ####.#......
.........J@..# #...†.......
.......†..J..#...##[##.#...
?..............# #.##.#.#.
........).....## #..#.#.#.
..............# ##...#...
................ ##....#
..............#.# #....>
....#.......#...# ##...#
#...#


You could see a jelly (fast) and an endoplasm.

Vanquished Creatures
  3 adders (D:2)
  A river rat (D:1)
  A dart slug (D:2)
  4 ball pythons
  8 endoplasms
  2 giant cockroaches
  5 goblins (D:1)
  A hobgoblin (D:2)
  4 kobolds
  3 quokkas
  7 bats
  3 frilled lizards
  6 rats (D:1)
48 creatures vanquished.

Vanquished Creatures (collateral kills)
  A ball python (D:1)
1 creature vanquished.

Grand Total: 49 creatures vanquished

Notes
Turn   | Place    | Note
-------+----------+-------------------------------------------
     0 | D:1      | Verono the Gnoll Chaos Knight began the quest for the Orb.
     0 | D:1      | Reached XP level 1. HP: 23/23 MP: 1/1
    32 | D:1      | Reached XP level 2. HP: 29/29 MP: 2/2
   411 | D:1      | Learned a level 1 spell: Necrotise
   446 | D:1      | Reached XP level 3. HP: 35/35 MP: 3/3
   664 | D:1      | Reached skill level 1 in Invocations
   907 | D:1      | Reached skill level 1 in Short Blades
   907 | D:1      | Reached skill level 1 in Long Blades
   907 | D:1      | Reached skill level 1 in Maces & Flails
   907 | D:1      | Reached skill level 1 in Polearms
   907 | D:1      | Reached skill level 1 in Staves
   907 | D:1      | Reached skill level 1 in Ranged Weapons
   907 | D:1      | Reached skill level 1 in Throwing
   907 | D:1      | Reached skill level 1 in Stealth
   907 | D:1      | Reached skill level 1 in Shields
   907 | D:1      | Reached skill level 1 in Unarmed Combat
   907 | D:1      | Reached skill level 1 in Spellcasting
   907 | D:1      | Reached skill level 1 in Evocations
  1028 | D:2      | Reached skill level 1 in Shapeshifting
  1028 | D:2      | Reached XP level 4. HP: 39/41 MP: 5/5
  1090 | D:2      | XOM: 1-stop teleportation journey
  1170 | D:2      | Reached skill level 1 in Conjurations
  1170 | D:2      | Reached skill level 1 in Hexes
  1170 | D:2      | Reached skill level 1 in Summonings
  1170 | D:2      | Reached skill level 1 in Necromancy
  1170 | D:2      | Reached skill level 1 in Translocations
  1170 | D:2      | Reached skill level 1 in Fire Magic
  1170 | D:2      | Reached skill level 1 in Ice Magic
  1170 | D:2      | Reached skill level 1 in Air Magic
  1170 | D:2      | Reached skill level 1 in Earth Magic
  1170 | D:2      | Reached skill level 1 in Alchemy
  1177 | D:2      | XOM: silly message
  1188 | D:2      | Splashed by a jelly's acid

Illustrated notes

Levels and vault maps discovered:
D:1:      shiori_arrival_maze, layout_loops_corners
D:2:      layout_rooms, hellmonk_ecumenical_altar_zigzags, serial_bayou_pond_a,
          minmay_domino_2

Skill      XL: |  1  2  3  4 |
---------------+-------------+-----
Invocations    | 1 |  1.3
Short Blades   | 1 |  1.2
Long Blades    | 1 |  1.2
Maces & Flails | 1 |  1.2
Polearms       | 1 |  1.2
Staves         | 1 |  1.2
Ranged Weapons | 1 |  1.2
Throwing       | 1 |  1.2
Stealth        | 1 |  1.2
Shields        | 1 |  1.2
Unarmed Combat | 1 |  1.2
Spellcasting   | 1 |  1.2
Evocations     | 1 |  1.2
Shapeshifting  | 1 |  1.1
Conjurations   | 1 |  1.0
Hexes          | 1 |  1.0
Summonings     | 1 |  1.0
Necromancy     | 1 |  1.0
Translocations | 1 |  1.0
Fire Magic     | 1 |  1.0
Ice Magic      | 1 |  1.0
Air Magic      | 1 |  1.0
Earth Magic    | 1 |  1.0
Alchemy        | 1 |  1.0
Fighting       | |  6.6
Axes           | |  6.6
Armour         | |  4.7
Dodging        | |  2.8

Action                     |  1- 3 |  4- 6 || total
---------------------------+-------+-------++-------
  Melee: Hand axe          |    75 |    34 ||   109
         Bite              |     7 |     3 ||    10
         Punch             |     1 |     1 ||     2
   Cast: Necrotise         |     2 |       ||     2
    Use: Potion            |       |     2 ||     2
         Scroll            |       |     1 ||     1
   Stab: Paralysed         |       |     1 ||     1
         Sleeping          |       |     1 ||     1
 Armour: Leather armour    |    35 |    20 ||    55
  Dodge: Dodged            |    54 |    35 ||    89
